 Dungeon Crawl Stone Soup version 0.16.2-12-gd0ad4c3 (webtiles) character file.

5866 faibistes the Thaumaturge (level 10, 0/54 HPs)
             Began as a Deep Elf Wizard on May 31, 2019.
             Was an Elder of Sif Muna.
             Slain by a trapdoor spider (12 damage)
             ... on level 10 of the Dungeon.
             The game lasted 00:43:20 (14269 turns).

faibistes the Thaumaturge (Deep Elf Wizard)        Turns: 14269, Time: 00:43:20

Health: 0/54       AC:  4    Str:  4    XL:     10   Next: 52%
Magic:  9/32       EV: 15    Int: 27    God:    Sif Muna [****..]
Gold:   443        SH:  0    Dex: 13    Spells: 9 memorised, 5 levels left

rFire  . . .     SeeInvis .     w - +2 dagger (drain)
rCold  . . .     Clarity  .     H - +1 robe {MR+}
rNeg   . . .     SustAb   .     (no shield)
rPois  .         Gourm    .     b - +1 hat
rElec  .         Spirit   .     (no cloak)
rCorr  .         Warding  .     (no gloves)
rMut   .         Stasis   .     (no boots)
MR     ++...                    (no amulet)
Stlth  ++++......               o - ring of stealth
                                i - ring of stealth

@: about to teleport, repel missiles, very resistant to hostile enchantments,
stealthy
A: no striking features
a: Channel Energy, Forget Spell, Renounce Religion


You were on level 10 of the Dungeon.
You worshipped Sif Muna.
Sif Muna was greatly pleased with you.
You were very hungry.

You visited 2 branches of the dungeon, and saw 11 of its levels.

You collected 443 gold pieces.

Inventory:

Hand weapons
 f - a +1 dagger of draining
 w - a +2 dagger of draining (weapon)
Armour
 b - a +1 hat (worn)
 y - the +1 robe "Smuony" {Dex+6}
   (You found it on level 9 of the Dungeon)

   It affects your dexterity (+6).
 H - a +1 robe of magic resistance (worn)
Jewellery
 i - a ring of stealth (left hand)
 o - a ring of stealth (right hand)
 B - an uncursed ring of sustain abilities
Magical devices
 m - a wand of hasting (3)
 C - a wand of digging (2)
 I - a wand of disintegration (9)
Scrolls
 g - a scroll of magic mapping {unknown}
 j - 8 scrolls of remove curse
 q - a scroll of recharging {unknown}
 r - 2 scrolls of enchant armour
 s - 5 scrolls of teleportation
 x - a scroll of immolation {unknown}
 D - a scroll of holy word {unknown}
 F - a scroll of fear {unknown}
Potions
 e - a potion of cure mutation
 k - 2 potions of restore abilities
 l - 2 potions of agility
 n - a potion of ambrosia
 p - a potion of invisibility
 u - a potion of might
 v - a potion of curing {unknown}
 z - a potion of brilliance {unknown}
 G - a potion of berserk rage {unknown}
Books
 a - a book of Conjurations

   Spells                             Type                      Level
   a - Magic Dart                     Conjuration                  1
   b - Searing Ray                    Conjuration                  2
   c - Dazzling Spray                 Conjuration/Hexes            3
   d - Fulminant Prism                Conjuration/Hexes            4
   e - Iskenderun's Mystic Blast      Conjuration                  4
   f - Iskenderun's Battlesphere      Conjuration/Charms           5
 c - a book of Minor Magic

   Spells                             Type                      Level
   a - Magic Dart                     Conjuration                  1
   b - Blink                          Translocation                2
   c - Call Imp                       Summoning                    2
   d - Repel Missiles                 Charms/Air                   2
   e - Slow                           Hexes                        2
   f - Conjure Flame                  Conjuration/Fire             3
   g - Mephitic Cloud                 Conjuration/Poison/Air       3
Comestibles
 d - 6 bread rations
 h - 2 meat rations
 t - 4 slices of pizza
 A - a beef jerky


   Skills:
 + Level 2.4 Fighting
 + Level 6.4 Dodging
 - Level 2.4 Stealth
 * Level 10.9 Spellcasting
 + Level 7.3 Conjurations
 + Level 2.7 Charms
 - Level 1.1 Summonings
 + Level 3.2 Translocations
 * Level 6.3 Fire Magic
 - Level 4.0 Air Magic
 - Level 3.5 Poison Magic
 * Level 4.7 Invocations
 + Level 4.0 Evocations


You had 5 spell levels left.
You knew the following spells:

 Your Spells              Type           Power        Failure   Level  Hunger
a - Magic Dart            Conj           ####         1%          1    None
b - Conjure Flame         Conj/Fire      ######..     1%          3    None
c - Iskenderun's Battles  Conj/Chrm      #####...     17%         5    ###....
d - Blink                 Tloc           N/A          1%          2    None
e - Mephitic Cloud        Conj/Pois/Air  #####...     1%          3    None
f - Repel Missiles        Chrm/Air       ####..       1%          2    None
g - Call Imp              Summ           ###.....     4%          2    None
x - Dazzling Spray        Conj/Hex       ####....     2%          3    None
z - Iskenderun's Mystic   Conj           ######..     1%          4    None


Dungeon Overview and Level Annotations

Branches:
Dungeon (10/15)            Temple (1/1) D:4
   Lair: D:8-11         Orc: D:9-12

Altars:
Ashenzari
Cheibriados
Dithmenos
Elyvilon
Fedhas
Gozag
Kikubaaqudgha
Makhleb
Nemelex Xobeh
Qazlal
Ru
Sif Muna
Trog
Vehumet
Xom
Yredelemnul
Zin
The Shining One

Shops:
D:3 *   D:5 %


Message History

You kill the hill giant!
Your base Evocations skill increases to level 4!
Your life force feels restored.
The orb of energy explodes!
A trapdoor spider comes into view.
Casting: Iskenderun's Mystic Blast
Confirm with . or Enter, or press ? or * to list all spells.
You conjure a globe of magical energy.
Read which item? (? for menu, Esc to quit)
As you read the scroll of teleportation, it crumbles to dust.
You feel strangely unstable.
Casting: Iskenderun's Battlesphere
Confirm with . or Enter, or press ? or * to list all spells.
Aiming: Iskenderun's Mystic Blast
Press: ? - help, Shift-Dir - straight line, f - trapdoor spider
Aim: a trapdoor spider (clinging)
Okay, then.
Unknown command.
The trapdoor spider bites you!
You die...

##.. ##..#
##...#####.#
##...§.......
....##...§)....##.
........<......#
.####..........#
##....S...s###
#....#.l..*@.#
#S.#.#............#
..#...............#
..#
..#.......####.. .
.####...### . #
##.## #. ..


You could see a komodo dragon, a trapdoor spider and an adder.

Vanquished Creatures
  2 hill giants
  2 hippogriffs
  5 orc warriors
  2 ice beasts
  6 ogres
  3 phantoms
  A centaur (D:8)
  3 sky beasts
  Sigmund (D:2)
  Duvessa (D:5)
  2 big kobolds (D:8)
  2 wyvern zombies (D:8)
  5 giant frogs
  13 wights
  4 scorpions
  A quasit (D:7)
  2 jellies
  A crimson imp (D:7)
  Dowan (D:5)
  A goliath beetle (D:8)
  3 giant frog zombies (D:7)
  2 hounds
  A wasp zombie (D:8)
  5 orc priests
  2 centaur skeletons
  2 giant frog skeletons
  9 orc wizards
  8 worker ants
  A hound skeleton (D:8)
  10 gnolls
  2 worker ant zombies
  8 adders
  A shadow imp (D:9)
  2 white imps (D:3)
  2 worms (D:2)
  2 adder skeletons
  An adder zombie (D:9)
  6 giant geckos
  47 orcs
  6 ball pythons
  A bat skeleton (D:5)
  A bat zombie (D:5)
  4 giant cockroaches
  8 hobgoblins
  15 jackals
  22 kobolds
  5 quokkas
  17 bats
  5 giant newts
  9 goblins
  A jackal skeleton (D:4)
  2 quokka skeletons
  21 rats
289 creatures vanquished.

Vanquished Creatures (collateral kills)
  The ghost of faibistes the Magician, a weakling DEWz (D:3)
  A worker ant (D:3)
  A gnoll (D:3)
  A giant cockroach (D:3)
  A kobold (D:2)
5 creatures vanquished.

Vanquished Creatures (others)
  A white imp (D:3)
  A giant cockroach (D:2)
2 creatures vanquished.

Grand Total: 296 creatures vanquished

Notes
Turn   | Place    | Note
--------------------------------------------------------------
     0 | D:1      | faibistes, the Deep Elf Wizard, began the quest for the Orb.
     0 | D:1      | Reached XP level 1. HP: 10/10 MP: 6/6
   389 | D:1      | Reached XP level 2. HP: 15/15 MP: 7/10
   442 | D:1      | Learned a level 2 spell: Blink
   445 | D:1      | Learned a level 2 spell: Call Imp
   829 | D:2      | Reached skill level 5 in Spellcasting
   916 | D:1      | Found a glowing golden altar of the Shining One.
  1172 | D:2      | Noticed Sigmund
  1364 | D:2      | Reached XP level 3. HP: 16/19 MP: 5/14
  1373 | D:2      | Learned a level 3 spell: Conjure Flame
  1377 | D:2      | Learned a level 3 spell: Mephitic Cloud
  1860 | D:2      | Killed Sigmund
  1860 | D:2      | Reached skill level 6 in Spellcasting
  1860 | D:2      | Reached XP level 4. HP: 20/24 MP: 1/18
  1974 | D:2      | Learned a level 2 spell: Repel Missiles
  2496 | D:3      | Noticed faibistes' ghost (weakling DEWz)
  2853 | D:3      | Killed faibistes' ghost
  2853 | D:3      | Reached XP level 5. HP: 28/28 MP: 11/20
  3793 | D:4      | Reached XP level 6. HP: 32/32 MP: 6/22
  3949 | D:3      | Reached skill level 7 in Spellcasting
  4239 | D:3      | Found an opulent altar of Gozag.
  4242 | D:3      | Found Gozag's Platinum Reserve.
  4297 | D:3      | Found an ancient bone altar of Kikubaaqudgha.
  4622 | D:5      | Entered Level 5 of the Dungeon
  4646 | D:4      | Found a staircase to the Ecumenical Temple.
  4656 | Temple   | Entered the Ecumenical Temple
  4814 | Temple   | Became a worshipper of Sif Muna the Loreminder
  4865 | D:4      | Noticed an ogre
  4886 | D:4      | Killed an ogre
  5211 | D:4      | Reached skill level 1 in Air Magic
  5271 | D:4      | Reached skill level 1 in Fire Magic
  5517 | D:4      | Reached skill level 1 in Poison Magic
  5525 | D:4      | Reached XP level 7. HP: 22/36 MP: 3/25
  6350 | D:5      | Acquired Sif Muna's first power
  6908 | D:5      | Noticed Dowan
  6931 | D:5      | Noticed Duvessa
  6956 | D:5      | Killed Duvessa
  6963 | D:5      | Killed Dowan
  6963 | D:5      | Reached skill level 8 in Spellcasting
  7123 | D:5      | Reached XP level 8. HP: 41/41 MP: 9/27
  7407 | D:5      | Found a white marble altar of Elyvilon.
  7655 | D:5      | Found Kuwku's Food Boutique.
  7743 | D:5      | Reached skill level 5 in Conjurations
  8098 | D:6      | Acquired Sif Muna's second power
  8169 | D:6      | Reached skill level 5 in Dodging
  8497 | D:6      | Found a sparkling altar of Nemelex Xobeh.
  8728 | D:6      | Reached skill level 9 in Spellcasting
  8790 | D:6      | Found a shadowy altar of Dithmenos.
  9135 | D:6      | Reached XP level 9. HP: 45/45 MP: 6/29
  9649 | D:6      | Reached skill level 1 in Invocations
  9858 | D:7      | Reached skill level 1 in Evocations
 10181 | D:7      | Reached skill level 1 in Fighting
 10895 | D:7      | Reached skill level 5 in Fire Magic
 11095 | D:7      | Reached skill level 10 in Spellcasting
 11461 | D:7      | Noticed a hill giant
 11478 | D:7      | Killed a hill giant
 11478 | D:7      | Reached XP level 10. HP: 50/53 MP: 5/31
 11725 | D:6      | Found a burning altar of Makhleb.
 11737 | D:6      | Learned a level 5 spell: Iskenderun's Battlesphere
 11742 | D:6      | Learned a level 4 spell: Iskenderun's Mystic Blast
 11746 | D:6      | Learned a level 3 spell: Dazzling Spray
 12281 | D:8      | Acquired Sif Muna's third power
 12468 | D:8      | Found a blossoming altar of Fedhas.
 12736 | D:8      | Found a snail-covered altar of Cheibriados.
 12807 | D:8      | Reached skill level 1 in Charms
 13847 | D:9      | Got a heavy robe
 13858 | D:9      | Identified the +1 robe "Smuony" {Dex+6} (You found it on level 9 of the Dungeon)
 14232 | D:10     | Entered Level 10 of the Dungeon
 14258 | D:10     | Noticed a hill giant
 14266 | D:10     | Killed a hill giant
 14269 | D:10     | Slain by a trapdoor spider

Action                   |  1- 3 |  4- 6 |  7- 9 | 10-12 || total
-------------------------+-------+-------+-------+-------++-------
Melee: Dagger            |    11 |    31 |    66 |    32 ||   140
 Cast: Magic Dart        |    86 |   138 |   423 |   167 ||   814
       Call Imp          |     5 |     7 |       |       ||    12
       Mephitic Cloud    |     2 |    11 |    33 |     5 ||    51
       Conjure Flame     |       |     5 |    49 |    20 ||    74
       Blink             |       |     2 |     2 |     4 ||     8
       Repel Missiles    |       |     1 |       |       ||     1
       Iskenderun's Myst |       |       |       |     5 ||     5
       Iskenderun's Batt |       |       |       |     3 ||     3
Invok: Channel Energy    |       |       |     4 |       ||     4
  Use: Scroll            |       |     5 |     5 |     2 ||    12
 Stab: Sleeping          |     1 |       |     1 |       ||     2
       Confused          |       |     2 |     4 |     1 ||     7
  Eat: Chunk             |     3 |    11 |    18 |     8 ||    40
